 Dungeon Crawl Stone Soup version 0.21.1-1-g345015f (webtiles) character file.

102 diana the Ruffian (level 4, -8/34 HPs)
             Began as a Demonspawn Gladiator on June 18, 2018.
             Was an Initiate of Cheibriados.
             Mangled by fleezle's ghost (15 damage)
             ... on level 3 of the Dungeon.
             The game lasted 00:03:19 (2252 turns).

diana the Ruffian (Demonspawn Gladiator)            Turns: 2252, Time: 00:03:20

Health: -8/34      AC:  3    Str: 16    XL:     4   Next: 49%
Magic:  4/4        EV: 13    Int: 11    God:    Cheibriados [......]
Gold:   94         SH:  0    Dex: 15    Spells: 3/3 levels left

rFire    . . .     SeeInvis .     - Unarmed
rCold    . . .     Gourm    .   (no shield)
rNeg     . . .     Faith    .   a - +0 leather armour
rPois    .         Spirit   .   (helmet restricted)
rElec    .         Reflect  .   (no cloak)
rCorr    .         Harm     .   (no gloves)
MR       .....                  (no boots)
Stlth    +.........             (no amulet)
HPRegen  0.11/turn              (no ring)
MPRegen  0.09/turn              (no ring)

@: slow
A: claws 1, horns 1
a: Bend Time, Renounce Religion


You were on level 3 of the Dungeon.
You worshipped Cheibriados.
Cheibriados was noncommittal.
You were very hungry.

You visited 1 branch of the dungeon, and saw 3 of its levels.

You collected 94 gold pieces.

Inventory:

Missiles
 c - 3 throwing nets (quivered)
Armour
 a - a +0 leather armour (worn)
 b - a +0 helmet
Jewellery
 j - an uncursed ring of protection from cold {unknown}
Scrolls
 e - 2 scrolls of immolation {unknown}
 i - 2 scrolls of identify {unknown}
 k - a scroll of teleportation {unknown}
 l - a scroll of remove curse {unknown}
Potions
 f - 2 potions of brilliance {unknown}
 g - a potion of magic {unknown}
 h - a potion of mutation {unknown}
Comestibles
 d - 3 rations


   Skills:
 + Level 2.7 Fighting
 - Level 1.7 Throwing
 + Level 1.5 Armour
 + Level 3.2 Dodging
 * Level 3.6 Unarmed Combat


You had 3 spell levels left.
You didn't know any spells.

Dungeon Overview and Level Annotations

Branches:
Dungeon (3/15)

Altars:
Cheibriados

Annotations:
D:3 fleezle's ghost, amateur MiFi


Innate Abilities, Weirdness & Mutations

You have sharp fingernails.
You have a pair of small horns on your head.


Message History

You are too injured to fight recklessly!
You are too injured to fight recklessly!
You are too injured to fight recklessly!
You are too injured to fight recklessly!
You are too injured to fight recklessly!
You are too injured to fight recklessly!
You are too injured to fight recklessly!
Unknown command.
Fleezle's ghost whispers, "Everlasting silence awaits you..."
The rat closely misses you.
A bullfrog comes into view.
Unknown command.
Fleezle's ghost closely misses you.
Things that are here:
a club; a goblin corpse The rat bites you.
* * * LOW HITPOINT WARNING * * *
There is a stone staircase leading up here.
Fleezle's ghost hits you!
You die...

## ##.# #. ##..# #.
##...# #. ##....# .
#. ##.....# ...
#.##...r..#.....
######..)..)W@.......
.....?..........#####
..F......#...[..#
####.#..........# ..
#............ ##
#...#...######
..###.### .####..#
##. #.. ##


You could see fleezle's ghost and a rat.

Vanquished Creatures
  Terence (D:2)
  An adder (D:2)
  3 worms (D:2)
  A dart slug (D:1)
  A leopard gecko (D:2)
  An orc (D:3)
  9 bats
  A giant cockroach (D:1)
  5 goblins
  5 hobgoblins
  6 jackals
  2 ball pythons (D:2)
  3 frilled lizards
  9 kobolds
  5 rats
53 creatures vanquished.

Notes
Turn   | Place    | Note
-------+----------+-------------------------------------------
     0 | D:1      | diana the Demonspawn Gladiator began the quest for the Orb.
     0 | D:1      | Reached XP level 1. HP: 16/16 MP: 1/1
   358 | D:1      | Gained mutation: You have a pair of small horns on your head. [demonic ancestry]
   358 | D:1      | Reached XP level 2. HP: 16/22 MP: 2/2
   830 | D:1      | Reached XP level 3. HP: 26/28 MP: 3/3
  1045 | D:2      | Reached skill level 1 in Armour
  1051 | D:2      | Noticed Terence
  1061 | D:2      | Killed Terence
  1285 | D:2      | Gained mutation: You have sharp fingernails. [demonic ancestry]
  1285 | D:2      | Reached XP level 4. HP: 31/34 MP: 4/4
  2027 | D:2      | Found a snail-covered altar of Cheibriados.
  2168 | D:2      | Became a worshipper of Cheibriados the Contemplative
  2202 | D:3      | Noticed fleezle's ghost (amateur MiFi)
  2248 | D:3      | Noticed a bullfrog
  2252 | D:3      | Mangled by fleezle's ghost

Skill      XL: |  1  2  3 |
---------------+----------+-----
Unarmed Combat | 3 |  3.6
Armour         | 1 |  1.5
Dodging        | 3 |  3.2
Fighting       | |  2.7
Throwing       | |  1.7

Action                   |  1- 3 |  4- 6 || total
-------------------------+-------+-------++-------
Melee: Unarmed           |    85 |    63 ||   148
       Headbutt          |    13 |    14 ||    27
       Punch             |     1 |       ||     1
 Stab: Sleeping          |     1 |       ||     1
  Eat: Chunk             |     1 |     2 ||     3
Armor: Leather armour    |    20 |    11 ||    31
Dodge: Dodged            |    56 |    43 ||    99
